 Dungeon Sprint DCSS version 0.19.0 (webtiles) character file.

121 LORDOFBUTT the Covert (level 4, -18/21 HPs)
             Began as a Spriggan Enchanter on Nov 2, 2016.
             Demolished by an earth elemental (35 damage)
             ... summoned by a deep elf mage
             ... in the Dungeon (Sprint III: "The Ten Rune Challenge").
             The game lasted 00:01:29 (282 turns).

LORDOFBUTT the Covert (Spriggan Enchanter)           Turns: 282, Time: 00:01:30

Health: -18/21     AC:  3    Str:  4    XL:     4   Next: 76%
Magic:  14/14      EV: 18    Int: 17    God:
Gold:   31         SH:  0    Dex: 16    Spells: 2 memorised, 14 levels left

rFire  . . .     SeeInvis +     a - +1 dagger
rCold  . . .     Gourm    .     b - +1 robe
rNeg   . . .     Faith    .     (shield restricted)
rPois  .         Spirit   .     (helmet restricted)
rElec  .         Reflect  .     (no cloak)
rCorr  .         Harm     .     (gloves unavailable)
MR     .....     NoTele   +     (boots unavailable)
Stlth  ++++......               (no amulet)
                                (no ring)
                                (no ring)

@: very slightly contaminated, very quick
A: unfitting armour, see invisible, herbivore 3, speed 3, slow metabolism 2
a: no special abilities


You were in the Dungeon.
You were not hungry.

You visited 1 branch You collected 31 gold pieces.

Inventory:

Hand Weapons
 a - a +1 dagger (weapon)
Armour
 b - a +1 robe (worn)
Jewellery
 k - a cursed amulet of inaccuracy {unknown}
Scrolls
 m - a scroll of holy word {unknown}
 n - 3 scrolls of identify
 o - 3 scrolls of remove curse
 r - a scroll of torment {unknown}
Potions
 e - a potion of curing
 f - a potion of heal wounds
 g - a potion of haste
 h - 2 potions of magic
 i - 2 potions of berserk rage
 l - 2 potions of mutation {unknown}
 q - 4 potions of flight
 s - 2 potions of cure mutation
Books
 c - a book of Maledictions

   Spells                             Type                      Level
   a - Corona                         Hexes                        1
   b - Ensorcelled Hibernation        Hexes/Ice                    2
   c - Confuse                        Hexes                        3
   d - Tukima's Dance                 Hexes                        3
   e - Dazzling Spray                 Conjuration/Hexes            3
 j - a book of Conjurations

   Spells                             Type                      Level
   a - Magic Dart                     Conjuration                  1
   b - Searing Ray                    Conjuration                  2
   c - Dazzling Spray                 Conjuration/Hexes            3
   d - Fulminant Prism                Conjuration/Hexes            4
   e - Iskenderun's Mystic Blast      Conjuration                  4
   f - Iskenderun's Battlesphere      Conjuration/Charms           5
Comestibles
 d - a bread ration
 p - 2 royal jellies


   Skills:
 - Level 1.1 Short Blades
 - Level 3.0 Dodging
 + Level 9.7 Stealth
 + Level 7.0 Spellcasting
 + Level 7.4 Hexes


You had 14 spell levels left.
You knew the following spells:

 Your Spells              Type           Power        Failure   Level  Hunger
a - Corona                Hex            ####...      1%          1    None
b - Ensorcelled Hibernat  Hex/Ice        ###...       4%          2    None


Dungeon Overview and Level Annotations

Branches:
Dungeon (1/1)

Altars:
Elyvilon
Kikubaaqudgha
Sif Muna
Vehumet
Zin
The Shining One


Innate Abilities, Weirdness & Mutations

You are very small and have problems with some larger weapons.
You are too small for most types of armour.
You have supernaturally acute eyesight. (SInv)
You are a herbivore.
You cover ground extremely quickly.
You need consume almost no food.


Message History

A deep elf mage comes into view.
It is wielding a long sword of holy wrath.
Found a potion of cure mutation.
There is an open door here.
The helpless deep elf mage fails to defend itself.
You perforate the deep elf mage like a sieve!!!
The deep elf mage is almost dead.
The deep elf mage closely misses you.
You barely miss the deep elf mage.
The deep elf mage is almost dead.
You barely miss the deep elf mage.
The deep elf mage is almost dead.
The deep elf mage mumbles some strange words.
You barely miss the deep elf mage.
The deep elf mage is almost dead.
The deep elf mage hits you with a long sword of holy wrath.
You hit the deep elf mage.
The deep elf mage is almost dead.
The deep elf mage barely misses you. The earth elemental hits you!!
Ouch! That really hurt!
You die...

▓▓▓▓▓ ▓▓▓ #...####
##.#####
#......#####..#E__#
#.......#..#..#e@.#
##.##...#..#..###E#+###+##
##.###..##'#..#..........#
###.##..###..E+.⌠........#
#..##..####...#...######+#
...##†.###.§..#.⌠.#
..##...##.†...#...#
.##....#......#'###
###..##.#..†..#.))#


You could see 2 earth elementals and a deep elf mage.

Vanquished Creatures
  A scorpion (D)
  A wizard (D)
  A human (D)
  A kobold demonologist (D)
  2 oozes (D)
  2 rats (D)
8 creatures vanquished.

Vanquished Creatures (others)
  2 draconian scorchers (D)
  5 hellions (D)
  A yaktaur (D)
8 creatures vanquished.

Grand Total: 16 creatures vanquished

Notes
Turn   | Place    | Note
-------+----------+-------------------------------------------
     0 | D        | LORDOFBUTT the Spriggan Enchanter began the quest for the Orb.
     0 | D        | Reached XP level 1. HP: 9/9 MP: 5/5
    15 | D        | Reached skill level 5 in Stealth
    19 | D        | Reached XP level 2. HP: 9/13 MP: 5/7
    97 | D        | Killed a hellion
   118 | D        | Reached skill level 6 in Stealth
   129 | D        | Killed a hellion
   129 | D        | Killed a hellion
   129 | D        | Killed a hellion
   131 | D        | Killed a yaktaur
   139 | D        | Learned a level 2 spell: Ensorcelled Hibernation
   142 | D        | Noticed a scorpion
   145 | D        | Killed a scorpion
   145 | D        | Reached skill level 8 in Stealth
   145 | D        | Reached skill level 5 in Spellcasting
   145 | D        | Reached XP level 3. HP: 16/16 MP: 8/11
   149 | D        | Reached XP level 4. HP: 21/21 MP: 7/13
   211 | D        | Noticed a water elemental
   213 | D        | Killed a white draconian scorcher
   225 | D        | Killed a hellion
   249 | D        | Found a radiant altar of Vehumet.
   249 | D        | Found a deep blue altar of Sif Muna.
   249 | D        | Found an ancient bone altar of Kikubaaqudgha.
   249 | D        | Noticed a wizard
   251 | D        | Killed a wizard
   251 | D        | Reached skill level 9 in Stealth
   266 | D        | Killed a white draconian scorcher
   274 | D        | Found a glowing silver altar of Zin.
   274 | D        | Found a glowing golden altar of the Shining One.
   274 | D        | Found a white marble altar of Elyvilon.
   275 | D        | Noticed a deep elf mage
   281 | D        | Noticed an earth elemental
   281 | D        | Noticed an earth elemental
   282 | D        | Demolished by an earth elemental

Skill      XL: |  1  2  3  4 |
---------------+-------------+-----
Stealth        | 5 8 9 |  9.7
Spellcasting   | 3 5 6 7 |  7.0
Hexes          | 4 6 7 |  7.4
Short Blades   | |  1.1
Dodging        | |  3.0

Action                   |  1- 3 |  4- 6 || total
-------------------------+-------+-------++-------
Melee: Dagger            |    17 |     7 ||    24
 Cast: Ensorcelled Hiber |     1 |       ||     1
  Use: Scroll            |       |     2 ||     2
 Stab: Sleeping          |     3 |     3 ||     6
Dodge: Dodged            |    13 |     3 ||    16
